 Seeded DCSS version 0.32-a0-918-g0f22ef8d61 (webtiles) character file.

Game seed: 202404114 (custom seed)

29 Orlauf the Chopper (level 3, 0/28 HPs)
             Began as a Demonspawn Gladiator on Apr 11, 2024.
             Succumbed to a kobold's poison
             ... on level 2 of the Dungeon.
             The game lasted 00:01:07 (871 turns).

Orlauf the Chopper (Demonspawn Gladiator)            Turns: 871, Time: 00:01:07

Health: 0/28       AC:  3    Str: 16    XL:     3   Next: 1%
Magic:  3/3        EV: 11    Int:  8    God:
Gold:   45         SH:  0    Dex: 14    Spells: 2/2 levels left

rFire   . . .        a - +0 war axe
rCold   . . .        (no shield)
rNeg    . . .        b - +0 leather armour
rPois   .            (helmet restricted)
rElec   .            (no cloak)
rCorr   .            (no gloves)
SInv    .            (no boots)
Will    .....        (no amulet)
Stlth   +            (no ring)
HPRegen 0.24/turn    (no ring)
MPRegen 0.16/turn

%: no passive effects
@: lethally poisoned (0 -> -3)
A: horns 1, magic regeneration
a: no special abilities


You were on level 2 of the Dungeon.
You visited 1 branch of the dungeon, and saw 2 of its levels.

You collected 45 gold pieces.

Inventory:

Hand Weapons
 a - a +0 war axe (weapon)
Missiles
 d - 3 throwing nets (quivered)
 e - a javelin
Armour
 b - a +0 leather armour (worn)
Scrolls
 f - a scroll of teleportation


   Skills:
 + Level 2.5 Fighting
 * Level 3.5 Axes
 - Level 1.7 Throwing
 - Level 2.6 Dodging


You had 2 spell levels left.
You didn't know any spells.
Your spell library was empty.

Dungeon Overview and Level Annotations

Branches:
Dungeon (2/15)

Altars:


Innate Abilities, Weirdness & Mutations

You have a pair of small horns on your head.
You regenerate magic rapidly.


Message History

You are poisoned.
You hit the kobold but do no damage.
You feel very sick. The kobold hits you but does no damage.
You barely miss the kobold.
You feel very sick.
The kobold hits you with a +2 dagger of venom.
The kobold closely misses you.
You are too injured to fight recklessly!
You are too injured to fight recklessly!
You are too injured to fight recklessly!
You are too injured to fight recklessly!
You are too injured to fight recklessly!
You closely miss the kobold.
You feel sick. The kobold hits you but does no damage.
You are lethally poisoned!
You barely miss the kobold. Your headbutt misses the kobold.
* * * LOW HITPOINT WARNING * * *
You feel very sick. The kobold misses you.
You aren't carrying any potions.
You closely miss the kobold. You headbutt the kobold.
You kill the kobold!
* * * LOW HITPOINT WARNING * * *
You feel sick.
As you read the scroll labelled NOSCHO ZYFFOLYE, it crumbles to dust.
You feel strangely unstable.
It was a scroll of teleportation.
* * * LOW HITPOINT WARNING * * *
You feel sick.
Unknown command.
* * * LOW HITPOINT WARNING * * *
You feel sick.
Your surroundings suddenly seem different.
Found 5 stones and 14 gold pieces.
Found a stone staircase leading down.
* * * LOW HITPOINT WARNING * * *
You feel sick.
Found an inky potion and a black potion.
* * * LOW HITPOINT WARNING * * *
You feel sick.
You die...

#.....## #......
#.....# #.....#
#.....#
######.....#
#..........#
#.........(##
#....@.........
....>......######
........##..#
......... #....
......... ....
.......... #....
.!!..##... ....
..... #...#


There were no monsters in sight!

Vanquished Creatures
  A dart slug (D:1)
  3 bats (D:1)
  A giant cockroach (D:1)
  2 goblins (D:1)
  6 hobgoblins (D:1)
  3 kobolds
  A quokka (D:1)
  2 ball pythons (D:1)
  A frilled lizard (D:1)
  3 rats (D:1)
23 creatures vanquished.

Notes
Turn   | Place    | Note
-------+----------+-------------------------------------------
     0 | D:1      | Orlauf the Demonspawn Gladiator began the quest for the
                  | Orb.
     0 | D:1      | Reached XP level 1. HP: 16/16 MP: 1/1
    72 | D:1      | Reached skill level 3 in Axes
   126 | D:1      | Gained mutation: You regenerate magic rapidly. [demonic
                  | ancestry]
   126 | D:1      | Reached XP level 2. HP: 22/22 MP: 2/2
   814 | D:2      | Gained mutation: You have a pair of small horns on your
                  | head. [demonic ancestry]
   814 | D:2      | Reached XP level 3. HP: 28/28 MP: 3/3
   869 | D:2      | HP: 1/28 [poisoned by a kobold]
   871 | D:2      | Succumbed to a kobold's poison

Illustrated notes

Levels and vault maps discovered:
D:1:      nzn_arrival_water_spiral, layout_loops_ring,
          minmay_misc_feat_more_columns, minmay_misc_feat_roman,
          minmay_shallow_snake_nest
D:2:      layout_basic

Skill      XL: |  1 |
---------------+----+-----
Axes           | 3 |  3.5
Fighting       | |  2.5
Throwing       | |  1.7
Dodging        | |  2.6

Action                     || total
---------------------------++-------
  Melee: War axe           ||    69
         Headbutt          ||     1
    Use: Scroll            ||     1
 Armour: Leather armour    ||    46
  Dodge: Dodged            ||    42

Table legend: (Time is in decaauts)
 A = Elapsed time spent in this place.
 B = Non-inter-level travel time spent in this place.
 C = Inter-level travel time spent in this place.
 D = Time resting spent in this place.
 E = Time spent auto-exploring this place.
 F = Levels seen in this place.
 G = Mean time per level.
                   A        B        C        D        E       F      G
               +--------+--------+--------+--------+--------+-----+--------+
         Total |    894 |    810 |     84 |      0 |    645 |   2 |  447.0 |
       Dungeon |    894 |    810 |     84 |      0 |    645 |   2 |  447.0 |
               +--------+--------+--------+--------+--------+-----+--------+

Top non-repeatable levels by time:
     D:1: 810 daAuts
     D:2: 84 daAuts
